 Dungeon Crawl Stone Soup version 0.19-a0-386-gde47aeb (webtiles) character file.

292559 shmeve the Hoplite (level 19, -1/183 HPs)
             Began as a Minotaur Berserker on May 31, 2016.
             Was the Champion of Trog.
             Slain by a phantasmal warrior (16 damage)
             ... on level 3 of the Vaults.
             The game lasted 01:45:40 (32987 turns).

shmeve the Hoplite (Minotaur Berserker)            Turns: 32987, Time: 01:45:41

Health: -1/183     AC: 25    Str: 34    XL:     19   Next: 99%
Magic:  28/28      EV: 19    Int: 17    God:    Trog [******]
Gold:   3123       SH: 33    Dex: 15    Spells: 0 memorised, 18 levels left

rFire  + . .     SeeInvis +     D - +9 hand axe (vamp)
rCold  . . .     Gourm    .     u - +3 plate armour "Niomp" {*Corrode rElec MR- Regen+}
rNeg   . . .     Faith    .     n - +5 large shield of Fizocuove {rPois Str+2 Int+5 SInv}
rPois  +         Spirit   .     U - +3 hat of Pondering {ponderous, MR+ MP+10 Int+5}
rElec  +         Dismiss  .     i - +1 cloak "Roefeic" {rPois Dex+4}
rCorr  .         Reflect  +     T - +1 pair of gloves {Str+3}
SustAt .         Harm     .     y - +0 pair of boots of Xejuodd {rF+}
MR     +....                    j - amulet "Etakoemn" {Reflect rElec Int+3 SH+2 SInv Stlth+}
Stlth  ..........               F - +4 ring of protection
                                z - +4 ring of evasion

@: flayed, corroded, drained, slow, somewhat resistant to hostile enchantments,
extremely unstealthy
A: retaliatory headbutt, horns 2
a: Berserk, Trog's Hand, Brothers in Arms, Burn Spellbooks, Renounce Religion
}: 2/15 runes: decaying, serpentine


You were on level 3 of the Vaults.
You worshipped Trog.
Trog was exalted by your worship.
You were very hungry.

You visited 6 branches of the dungeon, and saw 35 of its levels.

You collected 5149 gold pieces.
You spent 2026 gold pieces at shops.

Inventory:

Hand Weapons
 h - a +6 hunting sling of freezing
 D - a +9 vampiric hand axe (weapon)
Missiles
 m - 483 sling bullets
Armour
 i - the +1 cloak "Roefeic" (worn) {rPois Dex+4}
   (You acquired it on level 1 of the Vaults)

   It affects your dexterity (+4).
   It protects you from poison.
 n - the +5 large shield of Fizocuove (worn) {rPois Str+2 Int+5 SInv}
   (You bought it in a shop on level 12 of the Dungeon)

   It affects your strength (+2).
   It affects your intelligence (+5).
   It protects you from poison.
   It lets you see invisible.
 u - the +3 plate armour "Niomp" (worn) {*Corrode rElec MR- Regen+}
   (You found it on level 2 of the Vaults)

   It insulates you from electricity.
   It affects your resistance to hostile enchantments.
   It increases your rate of regeneration.
   It may corrode you when you take damage.
 y - the +0 pair of boots of Xejuodd (worn) {rF+}
   (You acquired it on level 1 of the Snake Pit)

   It protects you from fire.
 T - a +1 pair of gloves of strength (worn)
 U - the +3 hat of Pondering (worn) {ponderous, MR+ MP+10 Int+5}
   (You took it off Gastronok on level 9 of the Dungeon)

   It affects your intelligence (+5).
   It affects your resistance to hostile enchantments.
   It affects your magic capacity (+10).
Jewellery
 j - the amulet "Etakoemn" (around neck) {Reflect rElec Int+3 SH+2 SInv Stlth+}
   (You found it on level 8 of the Lair of Beasts)

   [amulet of reflection]

   It shields you and reflects attacks.
   It affects your intelligence (+3).
   It insulates you from electricity.
   It lets you see invisible.
   It affects your SH (+2).
   It makes you more stealthy.
 z - a +4 ring of evasion (left hand)
 F - a +4 ring of protection (right hand)
Wands
 B - a wand of digging (8/24)
 G - a wand of heal wounds (5/9)
 Y - a wand of hasting (6/9)
Scrolls
 b - a scroll of holy word
 d - 7 scrolls of fog
 k - 14 scrolls of remove curse
 l - 4 scrolls of identify
 o - 8 scrolls of recharging
 s - 7 scrolls of fear
 v - 2 scrolls of summoning
 A - 6 scrolls of blinking
 C - 7 scrolls of magic mapping
 H - 6 scrolls of teleportation
 P - 2 scrolls of enchant armour
Potions
 a - 4 potions of brilliance {unknown}
 e - 3 potions of cancellation {unknown}
 g - 17 potions of curing
 p - 6 potions of haste {unknown}
 q - 4 potions of berserk rage {unknown}
 r - 3 potions of magic {unknown}
 t - 2 potions of beneficial mutation {unknown}
 w - 3 potions of mutation {unknown}
 E - 7 potions of degeneration {unknown}
 I - 10 potions of agility
 J - 4 potions of ambrosia {unknown}
 M - 4 potions of cure mutation {unknown}
 N - 3 potions of invisibility {unknown}
 O - a potion of resistance {unknown}
 Q - 2 potions of lignification {unknown}
 R - 4 potions of flight {unknown}
 S - a potion of might {unknown}
 W - 10 potions of heal wounds
Comestibles
 c - 21 bread rations
 f - 5 slices of pizza
 x - 12 meat rations
 L - 5 fruits


   Skills:
 * Level 19.5(18.4) Fighting
 * Level 19.9(18.8) Axes
 - Level 12.3(11.4) Slings
 + Level 15.2(14.2) Armour
 + Level 13.6(12.6) Dodging
 * Level 22.1(20.9) Shields


You had 18 spell levels left.
You didn't know any spells.

Dungeon Overview and Level Annotations

Branches:
Dungeon (14/15)            Temple (0/1) D:7            Lair (8/8) D:11
  Swamp (4/4) Lair:5        Snake (4/4) Lair:3        Slime (0/6) Lair:8
    Orc (2/2) D:12            Elf (0/3) Orc:2        Vaults (3/5) D:14
  Crypt (0/3) Vaults:3

Altars:
Ashenzari
Cheibriados
Dithmenos
Elyvilon
Fedhas
Gozag
Hepliaklqana
Kikubaaqudgha
Makhleb
Nemelex Xobeh
Okawaru
Pakellas
Ru
Uskayaw
Vehumet
Xom
Yredelemnul
Zin
The Shining One

Shops:
D:8 %[[}=   D:12 [   Orc:1 }   Orc:2 ([!   Snake:1 ?   Vaults:1 *((
Vaults:2 :}?

Portals:
Trove: D:11 (give 15 scrolls of teleportation)

Annotations:
Lair:3 exclusion: oklob plant
Lair:4 exclusion: oklob plant
Lair:6 exclusion: oklob plant


Innate Abilities, Weirdness & Mutations

You reflexively headbutt those who attack you in melee.
You have a pair of horns on your head.


Message History

You slash the ancient lich!
The ancient lich is almost destroyed.
You hit the vampire mage.
The vampire mage is almost destroyed.
You hit the Executioner but do no damage.
The Executioner is severely wounded.
You slash the phantasmal warrior!
The phantasmal warrior is almost destroyed.
You slash the Hell Sentinel!
The Hell Sentinel is lightly wounded.
You hit the phantasmal warrior but do no damage.
The phantasmal warrior is severely damaged.
You block the Executioner's attack. x3; You block the Hell Sentinel's attack.
The Hell Sentinel completely misses you.
The Executioner hits you!
* * * LOW HITPOINT WARNING * * *
The Executioner completely misses you. x2; The phantasmal warrior hits you!
* * * LOW HITPOINT WARNING * * *
The phantasmal warrior hits you!
You die...

............'..
#####..........#..
###...###........###
#.......#........... ..
#...>...#........... ...
...n...#...........
....# #.Wz###...........
......##V##.............
......1@L1..............
......W1W...............
........................
........................
########################


You could see a Hell Sentinel, an ancient lich, a Brimstone Fiend, an
Executioner, a flayed ghost, a vampire mage (invisible), 2 phantasmal warriors,
a necrophage and a wight.

Vanquished Creatures
  the Lernaean hydra (Swamp:4)
  Vashnia (Snake:4)
  Nikola (Snake:1)
  Xtahua (Vaults:2)
  Jorgrun (Swamp:4)
  A tentacled monstrosity (Swamp:3)
  Gastronok (D:9)
  3 thorn hunters
  A sphinx (Vaults:1)
  9 greater nagas
  Wiglaf (Snake:4)
  4 vault wardens
  Maud (Orc:2)
  2 very ugly things (Vaults:2)
  9 ironheart preservers
  6 stone giants
  Snorg (D:10)
  An ettin (Vaults:2)
  The ghost of lessens the Bludgeoner, a journeyman DgAr (Lair:2)
  A crystal guardian (Vaults:3)
  7 vault guards
  The ghost of MongoFromTheCongo the Grappler, a journeyman TrBe of Trog (D:11)
  2 yaktaur captains
  Josephine (Lair:4)
  3 great orbs of eyes
  An ice dragon (Vaults:1)
  A fire dragon (D:14)
  The ghost of Volvagia the Bludgeoner, a journeyman MiBe of Trog (D:13)
  9 ogre magi
  15 naga warriors
  14 hydras
  Erolcha (D:13)
  Harold (Lair:4)
  2 ghost crabs
  3 catoblepae (Lair:8)
  2 centaur warriors
  A death knight (D:14)
  Erica (D:11)
  9 anacondas
  2 deep troll shamans (Vaults:1)
  4 deep troll earth magi (Vaults:1)
  7 alligators
  9 naga sharpshooters
  2 tengu warriors
  25 death yaks (Lair:8)
  5 shock serpents
  A deep elf knight (Vaults:3)
  2 shadow wraiths
  2 unseen horrors
  3 fire crabs
  13 swamp dragons
  3 shambling mangroves
  6 deep trolls
  A spriggan druid (Swamp:4)
  A tengu zombie (Vaults:1)
  10 naga ritualists
  4 hill giants
  3 deep elf archers
  6 ironbrand convokers
  2 giant orange brains
  2 wizards
  7 orc knights
  2 necromancers
  13 mana vipers
  3 wolf spiders
  5 griffons
  A harpy (shapeshifter) (D:14)
  2 orc sorcerers
  15 ugly things
  7 hornets
  2 manticores
  10 cyclopes
  4 deep elf magi
  A hornet (shapeshifter) (Vaults:1)
  7 salamanders
  Maurice (D:13)
  2 guardian serpents (Snake:2)
  35 black mambas
  13 elephants
  20 spiny frogs
  2 gargoyles (D:11)
  A guardian serpent (shapeshifter) (Vaults:2)
  6 vault sentinels
  14 naga magi
  A torpor snail (Lair:7)
  8 rime drakes
  6 freezing wraiths
  An efreet (D:13)
  10 komodo dragons
  13 yaktaurs
  2 tengu conjurers (D:13)
  15 trolls
  A wind drake (shapeshifter) (D:13)
  A troll (shapeshifter) (Vaults:2)
  2 polar bears
  8 giant leeches
  Grinder (D:3)
  25 two-headed ogres
  A bog body (Swamp:4)
  7 slime creatures
  4 boulder beetles
  2 human simulacra
  15 blink frogs
  5 redbacks
  74 yaks
  2 shadows
  7 spriggans
  3 wraiths (Lair:4)
  3 wyverns
  6 basilisks
  2 basilisks (shapeshifter)
  14 hippogriffs
  A golden eye (shapeshifter) (Vaults:1)
  37 vampire mosquitoes
  65 nagas
  2 mottled dragons (Vaults:2)
  2 soldier ants (D:12)
  13 swamp worms
  28 insubstantial wisps
  Edmund (D:4)
  9 wargs
  23 water moccasins
  8 porcupines
  Duvessa (D:7)
  18 orc warriors
  17 swamp drakes
  2 eyes of draining
  8 ice beasts
  11 wasps
  3 sky beasts
  4 phantoms
  22 wolves
  16 boggarts
  2 necrophages (D:10)
  51 ogres
  4 centaurs
  16 crocodiles
  A yaktaur zombie (Vaults:1)
  5 big kobolds (D:10)
  16 giant frogs
  2 yaktaur skeletons (Vaults:1)
  Dowan (D:7)
  6 scorpions
  11 killer bees
  4 wights (D:7)
  5 howler monkeys
  A giant frog zombie (D:8)
  2 centaur zombies
  3 crimson imps
  Crazy Yiuf (D:5)
  5 hounds
  2 giant frog skeletons
  A gnoll shaman (D:6)
  10 orc priests
  3 centaur skeletons
  22 jellies
  6 iguanas
  17 orc wizards
  11 worker ants
  2 killer bee zombies
  28 sheep
  4 hound zombies
  4 hound skeletons
  Robin (D:4)
  10 gnolls
  9 adders
  A howler monkey skeleton (D:8)
  67 river rats
  A shadow imp (D:11)
  15 oozes
  An adder skeleton (D:7)
  5 worms
  11 giant geckos
  58 orcs
  9 giant cockroaches
  16 goblins
  15 hobgoblins
  6 jackals
  10 kobolds
  7 quokkas
  5 bats
  2 giant gecko skeletons (D:6)
  A giant gecko zombie (D:5)
  5 giant newts
  2 gnoll zombies (D:5)
  3 goblin skeletons (D:4)
  A goblin zombie (D:4)
  2 kobold skeletons (D:4)
  A kobold zombie (D:4)
  8 rats
  6 briar patches
  A bush (Lair:8)
  11 fungi
  2 plants
1476 creatures vanquished.

Vanquished Creatures (others)
  A stone giant (Vaults:2)
  Nessos (Lair:5)
  A fire dragon (D:6)
  A yaktaur captain (Vaults:2)
  A centaur warrior (Vaults:3)
  3 naga sharpshooters (Snake:4)
  2 deep elf archers
  An ironbrand convoker (Vaults:2)
  2 salamanders (Snake:3)
  A cyclops (Vaults:1)
  A hornet (Vaults:3)
  4 yaktaurs
  A tengu conjurer (D:14)
  A naga (Snake:1)
  5 sheep (Lair:2)
  A briar patch (Swamp:3)
  16 fungi
  21 plants
64 creatures vanquished.

Grand Total: 1540 creatures vanquished

Notes
Turn   | Place    | Note
--------------------------------------------------------------
     0 | D:1      | shmeve the Minotaur Berserker began the quest for the Orb.
     0 | D:1      | Reached XP level 1. HP: 19/19 MP: 0/0
   222 | D:1      | Reached XP level 2. HP: 22/27 MP: 1/1
   855 | D:2      | Reached XP level 3. HP: 33/33 MP: 2/2
   932 | D:2      | Found a sacrificial altar of Ru.
   953 | D:2      | Reached ** piety under Trog
   962 | D:2      | Reached XP level 4. HP: 17/41 MP: 3/3
  1190 | D:2      | Found an ancient bone altar of Kikubaaqudgha.
  1193 | D:2      | Found a hazy altar of Hepliaklqana.
  1620 | D:3      | Reached skill level 5 in Axes
  1622 | D:3      | Noticed Grinder
  1622 | D:3      | Paralysed by Grinder for 4 turns
  1637 | D:3      | Reached skill level 5 in Fighting
  1644 | D:3      | Killed Grinder
  1644 | D:3      | Reached XP level 5. HP: 36/50 MP: 4/4
  1644 | D:3      | Reached XP level 6. HP: 41/57 MP: 5/5
  2309 | D:3      | Reached *** piety under Trog
  2417 | D:3      | Found a snail-covered altar of Cheibriados.
  2458 | D:4      | Noticed Robin
  2470 | D:4      | Killed Robin
  2470 | D:4      | Reached skill level 1 in Slings
  2499 | D:4      | Found a glowing golden altar of the Shining One.
  2850 | D:4      | Noticed Edmund
  2856 | D:4      | Reached XP level 7. HP: 63/63 MP: 6/6
  2857 | D:4      | Killed Edmund
  2891 | D:4      | Found a hide-covered altar of Uskayaw.
  3145 | D:5      | Entered Level 5 of the Dungeon
  3294 | D:5      | Found a sparkling altar of Nemelex Xobeh.
  3309 | D:5      | Found a burning altar of Makhleb.
  3370 | D:5      | Found a blossoming altar of Fedhas.
  3469 | D:5      | Found a radiant altar of Vehumet.
  3621 | D:5      | Noticed Crazy Yiuf
  3628 | D:5      | Killed Crazy Yiuf
  3628 | D:5      | Reached XP level 8. HP: 73/73 MP: 7/7
  3712 | D:5      | Found an iron altar of Okawaru.
  3716 | D:5      | Reached **** piety under Trog
  3787 | D:5      | Found a basalt altar of Yredelemnul.
  3833 | D:5      | Reached skill level 5 in Armour
  3940 | D:5      | Got an ancient plate armour
  3951 | D:5      | Identified the +4 plate armour of the Planets {rPois rC+ MP+9} (You found it on level 5 of the Dungeon)
  4112 | D:6      | Found a glowing silver altar of Zin.
  4117 | D:6      | Noticed an angel
  4121 | D:6      | Found a shimmering altar of Xom.
  4178 | D:6      | Found a shadowy altar of Dithmenos.
  4510 | D:6      | Found an oddly glowing altar of Pakellas.
  4510 | D:6      | Noticed a fire dragon
  4520 | D:6      | Killed a fire dragon
  4868 | D:6      | Noticed a slime creature
  4877 | D:6      | Reached ***** piety under Trog
  4881 | D:6      | Killed a slime creature
  4884 | D:6      | Reached XP level 9. HP: 82/82 MP: 8/8
  5023 | D:7      | Reached skill level 5 in Dodging
  5078 | D:7      | Found a staircase to the Ecumenical Temple.
  5098 | D:7      | Found a shattered altar of Ashenzari.
  5101 | D:7      | Noticed Dowan
  5105 | D:7      | Noticed Duvessa
  5107 | D:7      | Killed Dowan
  5113 | D:7      | Killed Duvessa
  5449 | D:8      | Found Beutt's Antique Armour Boutique.
  5459 | D:8      | Bought a glowing large shield for 148 gold pieces
  5506 | D:8      | Reached skill level 1 in Shields
  5534 | D:8      | Reached skill level 2 in Shields
  5610 | D:8      | Reached skill level 4 in Shields
  5635 | D:8      | Reached skill level 5 in Shields
  5757 | D:8      | Reached skill level 6 in Shields
  5827 | D:8      | Found Sairgh's Gadget Shop.
  5833 | D:8      | Received a gift from Trog
  5833 | D:8      | Reached XP level 10. HP: 91/91 MP: 9/9
  5860 | D:8      | Reached skill level 7 in Shields
  5875 | D:8      | Found Ysson's Jewellery Shoppe.
  5955 | D:8      | Found Ijuodoo's Food Shop.
  5995 | D:8      | Found Ehutil's Antique Armour Boutique.
  6015 | D:8      | Bought a pair of glowing gloves for 85 gold pieces
  6259 | D:9      | Reached skill level 8 in Shields
  6433 | D:9      | Reached skill level 9 in Shields
  6763 | D:9      | Received a gift from Trog
  6790 | D:9      | Noticed Gastronok
  6803 | D:9      | Killed Gastronok
  6803 | D:9      | Reached skill level 11 in Shields
  6979 | D:9      | Reached skill level 5 in Slings
  7028 | D:10     | Entered Level 10 of the Dungeon
  7106 | D:10     | Got a glittering silver amulet
  7120 | D:10     | Identified the amulet of the Sun {Spirit +Inv rPois rN++ Int-5} (You found it on level 10 of the Dungeon)
  7252 | D:10     | Noticed Snorg
  7269 | D:10     | Killed Snorg
  7269 | D:10     | Reached skill level 10 in Axes
  7269 | D:10     | Reached XP level 11. HP: 61/97 MP: 10/10
  7532 | D:10     | Reached skill level 12 in Shields
  7783 | D:10     | Noticed a three-headed hydra
  7788 | D:10     | Killed a one-headed hydra
  7820 | D:11     | Noticed a five-headed hydra
  7828 | D:11     | Noticed a wolf spider
  7831 | D:11     | Killed a three-headed hydra
  7831 | D:11     | Reached skill level 10 in Fighting
  7837 | D:11     | Killed a wolf spider
  7856 | D:11     | Noticed Erica
  7865 | D:11     | Killed Erica
  7870 | D:11     | Noticed a tengu warrior
  7890 | D:11     | Killed a tengu warrior
  8000 | D:11     | Received a gift from Trog
  8008 | D:11     | Found a portal to a secret trove of treasure.
  8011 | D:11     | Noticed MongoFromTheCongo's ghost (journeyman TrBe)
  8021 | D:11     | Killed MongoFromTheCongo's ghost
  8021 | D:11     | Reached XP level 12. HP: 108/108 MP: 11/11
  8079 | D:11     | Found a staircase to the Lair.
  8226 | Lair:1   | Entered Level 1 of the Lair of Beasts
  8295 | Lair:1   | Reached skill level 13 in Shields
  8444 | Lair:1   | Found a sacrificial altar of Ru.
  9311 | Lair:2   | Noticed an eight-headed hydra
  9321 | Lair:2   | Killed a one-headed hydra
  9543 | Lair:2   | Reached ****** piety under Trog
  9565 | Lair:2   | Received a gift from Trog
  9583 | Lair:2   | Noticed lessens's ghost (journeyman DgAr)
  9602 | Lair:2   | Killed lessens's ghost
  9746 | Lair:2   | Reached XP level 13. HP: 118/118 MP: 12/12
 10052 | Lair:2   | Found a shimmering altar of Xom.
 10351 | Lair:3   | Found a staircase to the Snake Pit.
 10564 | Lair:3   | Received a gift from Trog
 10960 | Lair:3   | Reached skill level 14 in Shields
 11274 | Lair:4   | Noticed Harold
 11287 | Lair:4   | Killed Harold
 11617 | Lair:4   | Noticed Josephine
 11632 | Lair:4   | Killed Josephine
 11808 | Lair:4   | Received a gift from Trog
 12544 | Lair:5   | Noticed Nessos
 12546 | Lair:5   | Found a staircase to the Swamp.
 12559 | Lair:5   | Killed Nessos
 12565 | Lair:5   | Reached skill level 10 in Armour
 13585 | Lair:6   | Reached XP level 14. HP: 127/129 MP: 13/13
 13744 | Lair:6   | Reached skill level 15 in Shields
 13884 | Lair:6   | Received a gift from Trog
 14577 | Lair:7   | Received a gift from Trog
 14847 | Lair:8   | Entered Level 8 of the Lair of Beasts
 15738 | Lair:8   | Reached skill level 16 in Shields
 15773 | Lair:8   | Received a gift from Trog
 15853 | Lair:8   | Got a flickering graven amulet
 15857 | Lair:8   | Identified the amulet "Etakoemn" {Reflect rElec Int+3 SH+2 SInv Stlth+} (You found it on level 8 of the Lair of Beasts)
 15901 | Lair:8   | Found a staircase to the Slime Pits.
 16032 | Lair:8   | Reached skill level 15 in Axes
 16063 | Lair:8   | Reached XP level 15. HP: 134/139 MP: 14/14
 16654 | Swamp:1  | Entered Level 1 of the Swamp
 16655 | Swamp:1  | Received a gift from Trog
 17171 | Swamp:1  | Reached skill level 10 in Dodging
 17274 | Swamp:1  | Reached skill level 17 in Shields
 17359 | Swamp:1  | Received a gift from Trog
 17530 | Swamp:2  | Reached skill level 15 in Fighting
 18649 | Swamp:3  | Noticed a tentacled monstrosity
 18664 | Swamp:3  | Killed a tentacled monstrosity
 18709 | Swamp:3  | Noticed a thorn hunter
 18722 | Swamp:3  | Killed a thorn hunter
 18870 | Swamp:3  | Reached skill level 10 in Slings
 19014 | Swamp:4  | Entered Level 4 of the Swamp
 19041 | Swamp:4  | Noticed a thorn hunter
 19052 | Swamp:4  | Killed a thorn hunter
 19293 | Swamp:4  | Reached skill level 18 in Shields
 19426 | Swamp:4  | Reached XP level 16. HP: 91/149 MP: 15/15
 19817 | Swamp:4  | Noticed Jorgrun
 19837 | Swamp:4  | Killed Jorgrun
 19922 | Swamp:4  | Noticed the 27-headed Lernaean hydra
 19928 | Swamp:4  | Received a gift from Trog
 19936 | Swamp:4  | Killed the 22-headed Lernaean hydra
 20026 | Swamp:4  | Noticed a thorn hunter
 20041 | Swamp:4  | Killed a thorn hunter
 20327 | Swamp:4  | Got a decaying rune of Zot
 20493 | Swamp:4  | Reached skill level 19 in Shields
 20747 | Snake:1  | Entered Level 1 of the Snake Pit
 20747 | Snake:1  | Found Agen's Magic Scroll Emporium.
 20778 | Snake:1  | Bought a scroll of acquirement for 728 gold pieces
 20781 | Snake:1  | Got a pair of twisted boots
 20787 | Snake:1  | Identified the +0 pair of boots of Xejuodd {rF+} (You acquired it on level 1 of the Snake Pit)
 21190 | Snake:1  | Noticed Nikola
 21208 | Snake:1  | Killed Nikola
 22154 | Snake:2  | Received a gift from Trog
 22253 | Snake:2  | Reached XP level 17. HP: 126/159 MP: 16/16
 22339 | Snake:2  | Received a gift from Trog
 22339 | Snake:2  | Reached skill level 20 in Shields
 22832 | Snake:3  | Received a gift from Trog
 23571 | Snake:4  | Entered Level 4 of the Snake Pit
 24078 | Snake:4  | Received a gift from Trog
 24270 | Snake:4  | Received a gift from Trog
 24277 | Snake:4  | Noticed Vashnia
 24300 | Snake:4  | Killed Vashnia
 24311 | Snake:4  | Received a gift from Trog
 24321 | Snake:4  | HP: 8/161 [greater naga/spear (13)]
 24321 | Snake:4  | HP: 3/161 [greater naga/spear (5)]
 24326 | Snake:4  | HP: 6/161 [poisoned by a greater naga (bolt of poison)]
 24757 | Snake:4  | Noticed Wiglaf
 24770 | Snake:4  | Killed Wiglaf
 25489 | Snake:4  | Got a serpentine rune of Zot
 25536 | Snake:4  | Reached XP level 18. HP: 165/170 MP: 17/17
 25803 | D:12     | Found a staircase to the Orcish Mines.
 25862 | D:12     | Received a gift from Trog
 25875 | D:12     | Found Goizoc's Antique Armour Boutique.
 25893 | D:12     | Bought a distressingly furry large shield for 171 gold pieces
 25893 | D:12     | Identified the +5 large shield of Fizocuove {rPois Str+2 Int+5 SInv} (You bought it in a shop on level 12 of the Dungeon)
 26234 | D:12     | You fall through a shaft!
 26234 | D:13     | Noticed Erolcha
 26239 | D:13     | Killed Erolcha
 26269 | D:13     | Received a gift from Trog
 26290 | D:13     | Found a frozen archway.
 26474 | Orc:1    | Entered Level 1 of the Orcish Mines
 26644 | Orc:1    | Found Majiv's Gadget Boutique.
 26707 | Orc:1    | Received a gift from Trog
 26939 | Orc:2    | Entered Level 2 of the Orcish Mines
 27143 | Orc:2    | Received a gift from Trog
 27186 | Orc:2    | Found a staircase to the Elven Halls.
 27187 | Orc:2    | Noticed Maud
 27201 | Orc:2    | Killed Maud
 27295 | Orc:2    | Found Teagref's Jewellery Shoppe.
 27304 | Orc:2    | Received a gift from Trog
 27614 | Orc:2    | Found Xemeidumn's Antique Weapon Shoppe.
 27617 | Orc:2    | Found Erphagg's Distillery.
 27640 | Orc:2    | Found Gefyw's Armour Emporium.
 27645 | Orc:2    | Bought a potion of heal wounds for 65 gold pieces
 27650 | Orc:2    | Bought a +1 cloak for 184 gold pieces
 27698 | Orc:2    | Received a gift from Trog
 27915 | D:13     | Found a white marble altar of Elyvilon.
 27919 | D:13     | Noticed Volvagia's ghost (journeyman MiBe)
 27936 | D:13     | Killed Volvagia's ghost
 28117 | D:13     | Identified the Collected Works on Clay
 28161 | D:13     | Noticed Maurice
 28164 | D:13     | Killed Maurice
 28478 | D:14     | Received a gift from Trog
 28509 | D:14     | Found a gate to the Vaults.
 28520 | D:14     | Reached skill level 21 in Shields
 28617 | D:14     | Received a gift from Trog
 29344 | Vaults:1 | Entered Level 1 of the Vaults
 29719 | Vaults:1 | Received a gift from Trog
 29876 | Vaults:1 | Got a distressingly furry cloak
 29887 | Vaults:1 | Identified the +1 cloak "Roefeic" {rPois Dex+4} (You acquired it on level 1 of the Vaults)
 30007 | Vaults:1 | Found Gozag's Antique Weapon Boutique.
 30022 | Vaults:1 | Found an opulent altar of Gozag.
 30023 | Vaults:1 | Found Gozag's Antique Weapon Boutique.
 30031 | Vaults:1 | Found Gozag's Assorted Antiques.
 30096 | Vaults:1 | Reached XP level 19. HP: 180/180 MP: 18/18
 30469 | Vaults:2 | Received a gift from Trog
 30515 | Vaults:2 | Noticed Xtahua
 30530 | Vaults:2 | Killed Xtahua
 30676 | Vaults:2 | Found Cyatan's Gadget Shop.
 30681 | Vaults:2 | Bought a wand of heal wounds (5/9) for 540 gold pieces
 30822 | Vaults:2 | Found Magyc's Book Shoppe.
 31075 | Vaults:2 | Received a gift from Trog
 31398 | Vaults:2 | Found Ina Noy's Magic Scroll Shop.
 31501 | Vaults:2 | Bought a scroll of enchant weapon for 105 gold pieces
 31520 | Vaults:2 | Received a gift from Trog
 31873 | Vaults:2 | Got a faintly glowing plate armour
 31884 | Vaults:2 | Identified the +3 plate armour "Niomp" {*Corrode rElec MR- Regen+} (You found it on level 2 of the Vaults)
 32275 | Vaults:3 | Reached skill level 15 in Armour
 32484 | Vaults:3 | Reached skill level 22 in Shields
 32626 | Vaults:3 | Received a gift from Trog
 32961 | Vaults:3 | Found a staircase to the Crypt.
 32961 | Vaults:3 | Noticed an ancient lich
 32984 | Vaults:3 | Noticed a Brimstone Fiend
 32987 | Vaults:3 | Slain by a phantasmal warrior

Vault maps used:
D:1:      minmay_arrival_arboretum_small
D:2:      nicolae_overflow_hidden_temple, nicolae_ru_great_annihilating_truth
D:3:      marbit_many_paths, first_bread, uniq_grinder
D:4:      overflow_temple_1_default, nicolae_tso_besieged_by_evil, uniq_robin,
          uniq_edmund
D:5:      overflow_temple_1_default, nicolae_overflow_crystal_walls,
          fedhas_altar_4, vehumet_altar_wand_db,
          nemelex_xobeh_ov_fountains_minmay, lemuel_zombie_altar_yredelemnul,
          nicolae_sextant, minmay_tree_intersection, uniq_crazy_yiuf_cottage
D:6:      lemuel_slime, grunt_temple_overflow_order_and_chaos_1,
          grunt_dithmenos_smoke, gammafunk_pakellas_cloud_experiment
D:7:      lemuel_crystal_altar, minmay_temple_entry_purple_smoke, uniq_duvessa
D:8:      minmay_four_partial_circles, serial_shops, kennysheep_mini, shop,
          nicolae_shop_waterfront, nicolae_shop_overgrown_old_shop,
          nicolae_shop_temple_entry_statues_fountains
D:9:      uniq_gastronok
D:10:     hangedman_ranch, st_stairs_1, uniq_snorg
D:11:     erik_lair_orcish_takeover, enter_trove_0, kb_rosetta, uniq_erica
D:12:     david_orc_2, serial_shops, shop
D:13:     basic_altar, portal_ice_cave_entry_pillars_1, uniq_erolcha,
          uniq_maurice
D:14:     lightli_vaults_fourway_checkpoint
Lair:1:   basic_altar, st_stairs_6, grunt_megastairs_3,
          infiniplex_staircase_pool
Lair:2:   kb_xom_exploding_sheep, lemuel_fruit_fields
Lair:3:   guppyfry_snake_entry_island, grunt_megastairs_1
Lair:4:   minmay_lair_oklob_tunnel, grunt_megastairs_4, uniq_josephine,
          uniq_harold
Lair:5:   minmay_swamp_entry_wisps, uniq_nessos
Lair:6:   minmay_lair_oklob_chamber
Lair:8:   evilmike_catoblepas_cave, minmay_slime_entry_jelly_boxes,
          serial_bayou_shore_a
Swamp:1:  evilmike_swamp_ruin_house_6
Swamp:2:  hangedman_swamp_ruin_hall, swamp_pool5
Swamp:3:  evilmike_swamp_ruin_house_2, swamp_pool1
Swamp:4:  swamp_old_school, uniq_jorgrun
Snake:1:  serial_shops, shop_statue, uniq_nikola
Snake:2:  serial_bayou_shore_b, basic_stair_grate_trap, serial_bayou_shore_b
Snake:3:  grunt_ministairs_2
Snake:4:  minmay_snake_end_coiled, spider_trap, uniq_vashnia, uniq_wiglaf
Orc:1:    serial_shops, nicolae_shop_competitors_out_of_business
Orc:2:    st_orc_open, uniq_maud
Vaults:1: grunt_vaults_focal, nicolae_vaults_triangles,
          kennysheep_vaults_gozag_temple, vaults_room_stairs_pillars, v_misc_18,
          hangedman_vaults_restitches, ontoclasm_vaults_pinch, v_alt_pattern_2,
          v_alt_pattern_3, vaults_dpeg_diagonal, serial_glass
Vaults:2: hangedman_vaults_maws, st_spiral_rooms, vaults_room_ringed_pool,
          ontoclasm_vaults_tryst, vaults_room_pools,
          hangedman_vaults_stretched_pinwheel, nicolae_vaults_circle_grid_a,
          nicolae_vaults_what_the_h, nicolae_vaults_network_star,
          hangedman_vaults_restitches, nicolae_vaults_three_branches,
          hangedman_vaults_trim, ontoclasm_vaults_loading_screen, serial_shops,
          nicolae_shop_crystal, shop, shop_fountains, uniq_xtahua
Vaults:3: vaults_dpeg_doors, v_misc_5, nicolae_vaults_big_angled_halls,
          v_misc_14, v_alt_pattern_5, nicolae_vaults_statue_guard,
          nicolae_vaults_little_squares_2, ontoclasm_vaults_eye,
          hangedman_vaults_cutoff, grunt_vaults_hallway_short,
          vaults_room_door_ring, nicolae_vaults_little_squares_5,
          minmay_crypt_entry_simple_round

Skill      XL: |  1  2  3  4  5  6  7  8  9 10 11 12 13 14 15 16 17 18 19 |
---------------+----------------------------------------------------------+-----
Axes           | 4 5 6 7 8 9 10 11 12 13 15 16 17 18 19 | 19.9
Fighting       | 4 5 6 7 8 9 10 12 13 14 15 16 17 18 19 | 19.5
Armour         | 3 4 5 6 7 9 10 11 12 13 14 15 | 15.2
Dodging        | 3 4 5 6 7 8 9 10 11 12 13 | 13.6
Slings         | 1 2 4 5 6 7 8 9 10 11 12 | 12.3
Shields        | 6 11 12 13 14 16 18 19 20 21 22 | 22.1

Action                   |  1- 3 |  4- 6 |  7- 9 | 10-12 | 13-15 | 16-18 | 19-21 || total
-------------------------+-------+-------+-------+-------+-------+-------+-------++-------
Melee: Hand axe          |    70 |    81 |       |       |       |    84 |   723 ||   958
       Headbutt          |     8 |    20 |    59 |   116 |   312 |   221 |   295 ||  1031
       War axe           |       |    40 |   237 |   467 |  1295 |   107 |       ||  2146
       Broad axe         |       |       |       |       |       |   680 |       ||   680
 Fire: Hunting sling     |       |       |       |       |    26 |   660 |       ||   686
Invok: Berserk           |     1 |     2 |     3 |     5 |     2 |     4 |       ||    17
       Trog's Hand       |       |     1 |       |     2 |     3 |     5 |       ||    11
       Burn Spellbooks   |       |       |     1 |       |     2 |     4 |     2 ||     9
Evoke: Wand              |       |       |     1 |     1 |       |       |       ||     2
  Use: Scroll            |       |       |       |       |    20 |    20 |     1 ||    41
       Potion            |       |       |       |       |       |     1 |       ||     1
 Stab: Paralysed         |       |     2 |       |       |       |       |       ||     2
       Confused          |       |       |     2 |       |     1 |       |       ||     3
       Petrified         |       |       |       |       |     1 |       |       ||     1
  Eat: Chunk             |     1 |     7 |    15 |    18 |    30 |    16 |    10 ||    97
       Beef jerky        |       |       |       |     1 |     2 |     1 |       ||     4
       Fruit             |       |       |       |       |     6 |    24 |       ||    30
       Pizza             |       |       |       |       |       |     5 |       ||     5
Armor: Animal skin       |    19 |    10 |       |       |       |       |       ||    29
       Scale mail        |       |    50 |     1 |       |       |       |       ||    51
       Plate armour      |       |       |   114 |   260 |   448 |   292 |   102 ||  1216
       Chain mail        |       |       |     5 |       |       |       |       ||     5
Dodge: Dodged            |    53 |    79 |   170 |   205 |   317 |   266 |   168 ||  1258
Block: Large shield      |       |       |       |   490 |  1464 |  1234 |   805 ||  3993
       Reflection        |       |       |       |       |     1 |   170 |    68 ||   239
